 Dungeon Crawl Stone Soup version 0.23.1-37-gaa34b87b72 (webtiles) character file.

Game seed: 464739180435453903

12534 Mercurio the Quickloader (level 11, -7/94 HPs)
             Began as a Demigod Hunter on Mar 22, 2019.
             Mangled by an ice devil (20 damage)
             ... in an ice cave.
             The game lasted 01:16:43 (12901 turns).

Mercurio the Quickloader (Demigod Hunter)          Turns: 12901, Time: 01:16:44

Health: -7/94      AC: 11    Str: 15    XL:     11   Next: 37%
Magic:  22/22      EV: 17    Int: 15    God:
Gold:   428        SH:  0    Dex: 22    Spells: 15/20 levels left

rFire    . . .     SeeInvis .   a - +1 hand crossbow
rCold    . . .     Gourm    .   (no shield)
rNeg     . . .     Faith    .   s - +0 scale mail
rPois    +         Spirit   .   h - +0 helmet
rElec    .         Reflect  .   (no cloak)
rCorr    .         Harm     .   e - +0 pair of gloves
MR       +....                  l - +0 pair of boots
Stlth    +.........             (no amulet)
HPRegen  0.25/turn              J - ring of poison resistance
MPRegen  0.18/turn              r - +4 ring of evasion

@: no status effects
A: high mp 1
a: no special abilities


You were in an ice cave.
You were not hungry.

You visited 1 branch of the dungeon, and saw 11 of its levels.
You also visited: Ice Cave.

You collected 454 gold pieces.
You spent 26 gold pieces at shops.

Inventory:

Hand Weapons
 a - a +1 hand crossbow (weapon)
 x - a +0 long sword
 I - a +0 short sword of venom
 T - a +2 shortbow of flaming
Missiles
 d - 24 bolts (quivered)
 i - 533 stones
 m - 332 arrows
 o - 35 poisoned needles
 p - 14 tomahawks
 z - 2 throwing nets
Armour
 b - a +0 robe of magic resistance
 e - a +0 pair of gloves (worn)
 h - a +0 helmet (worn)
 l - a +0 pair of boots (worn)
 s - a +0 scale mail (worn)
 D - a +0 plate armour
 V - a +2 plate armour of positive energy
Jewellery
 r - a +4 ring of evasion (right hand)
 G - an uncursed ring of see invisible
 J - a ring of poison resistance (left hand)
Wands
 c - a wand of clouds (2)
 v - a wand of digging (4)
 N - a wand of flame (28)
 R - a wand of enslavement (7)
 Y - a wand of disintegration (9)
Scrolls
 n - a scroll of remove curse
 q - a scroll of identify
 t - 4 scrolls of enchant weapon {unknown}
 y - a scroll of enchant armour {unknown}
 A - a scroll of amnesia {unknown}
 B - 2 scrolls of fear {unknown}
 C - a scroll of teleportation
 E - a scroll of torment {unknown}
 H - 2 scrolls of fog
 L - a scroll of magic mapping {unknown}
 O - a scroll of immolation {unknown}
 P - 3 scrolls of random uselessness {unknown}
 U - 2 scrolls of brand weapon {unknown}
Potions
 g - 2 potions of cancellation
 j - a potion of curing
 k - a potion of might
 u - a potion of invisibility
 w - a potion of haste
 M - 3 potions of lignification
 Q - a potion of heal wounds
 S - a potion of berserk rage {unknown}
 W - a potion of mutation
 X - a potion of flight
Comestibles
 f - 17 rations


   Skills:
 - Level 8.0 Fighting
 * Level 12.0 Crossbows
 - Level 5.0 Armour
 - Level 5.0 Dodging
 - Level 1.0 Stealth
 - Level 5.0 Spellcasting
 + Level 2.4 Hexes
 + Level 3.2 Translocations


You had 15 spell levels left.
You knew the following spells:

 Your Spells              Type           Power        Failure   Level  Hunger
a - Apportation           Tloc           ##....       16%         1    None
b - Blink                 Tloc           N/A          22%         2    ##.....
c - Slow                  Hex            ##......     32%         2    ##.....

Your spell library contained the following spells:

 Spells                   Type           Power        Failure   Level  Hunger
 Confusing Touch          Hex            ##....       22%         1    None
 Animate Skeleton         Necr           N/A          50%         1    None
 Magic Dart               Conj           #...         50%         1    None
 Sandblast                Erth           #.....       50%         1    None
 Summon Small Mammal      Summ           #...         50%         1    None
 Call Imp                 Summ           #.......     65%         2    ##.....
 Passwall                 Tmut/Erth      #.......     65%         2    ##.....
 Conjure Flame            Conj/Fire      #.......     86%         3    ###....
 Mephitic Cloud           Conj/Pois/Air  #.......     86%         3    ###....
 Stone Arrow              Conj/Erth      #.....       86%         3    ###....
 Petrify                  Tmut/Erth      #.......     99%         4    ####...
 Lee's Rapid Deconstruct  Erth           #.........   100%        5    ######.


Dungeon Overview and Level Annotations

Branches:
Dungeon (11/15)            Temple (0/1) D:4
   Lair: D:8-11         Orc: D:9-12

Shops:
D:9 =

Annotations:
D:9 1 runed translucent door, fluff's ghost, novice TrMo IceCv exclusion: ice statue


Innate Abilities, Weirdness & Mutations

You have an increased reservoir of magic. (+10% MP)


Message History

Press: ? - help, Shift-Dir - straight line, f/p - ice devil
Aim: an ice devil (lightly wounded)
You shoot a bolt.
The bolt hits the ice devil but does no damage.
The ice devil is lightly wounded.
Firing (i - inventory. (/) - cycle)
d - 26 bolts (quivered)
Press: ? - help, Shift-Dir - straight line, f/p - ice devil
Aim: an ice devil (lightly wounded)
You shoot a bolt. The bolt hits the ice devil!
The ice devil is moderately wounded.
The ice devil misses you.
Firing (i - inventory. (/) - cycle)
d - 25 bolts (quivered)
Press: ? - help, Shift-Dir - straight line, f/p - ice devil
Aim: an ice devil (moderately wounded)
You shoot a bolt. The bolt hits the ice devil!
The ice devil is heavily wounded.
The ice devil hits you.
* * * LOW HITPOINT WARNING * * *
The ice devil freezes you!!
You die...

##.............##
#.......(.......#
#.......(.......#
#.......⌠.......#
#...............#
#...............#
##......((.....##
#......4......#
##.....@(....##
##.#..((.#.##
####.(.####
#.(.## ##.(.#
##.(.# #...##
##...## ##..(..##


You could see an ice devil.

Vanquished Creatures
  A centaur warrior (D:9)
  A two-headed ogre (D:8)
  2 ice statues (IceCv)
  7 ice devils (IceCv)
  4 hippogriffs
  A wraith (D:10)
  A wyvern (D:10)
  17 yaks
  A steam dragon (D:10)
  An orc warrior (D:10)
  A sky beast (D:9)
  A black bear (D:10)
  13 ice beasts
  A necrophage (D:5)
  2 phantoms
  7 centaurs
  7 ogres
  A big kobold (D:10)
  4 bullfrogs
  3 scorpions
  A wyvern skeleton (D:10)
  6 killer bees (D:9)
  5 crimson imps
  2 quasits
  5 hounds
  5 jellies
  7 orc priests
  5 orc wizards
  2 bullfrog skeletons
  2 iguanas
  Ijyb (D:4)
  6 worker ants
  A troll simulacrum (IceCv)
  A killer bee zombie (D:8)
  A centaur simulacrum (IceCv)
  8 gnolls
  19 adders
  A naga simulacrum (IceCv)
  6 shadow imps
  6 oozes
  An adder zombie (D:7)
  An adder skeleton (D:4)
  4 worms
  2 dart slugs (D:3)
  5 leopard geckos
  40 orcs
  3 ball pythons
  8 giant cockroaches
  6 goblins
  14 hobgoblins
  8 jackals
  6 kobolds
  6 quokkas
  12 bats
  6 frilled lizards
  5 rats
293 creatures vanquished.

Vanquished Creatures (others)
  An orc wizard (D:10)
1 creature vanquished.

Grand Total: 294 creatures vanquished

Notes
Turn   | Place    | Note
-------+----------+-------------------------------------------
     0 | D:1      | Mercurio the Demigod Hunter began the quest for the Orb.
     0 | D:1      | Reached XP level 1. HP: 17/17 MP: 3/3
    40 | D:1      | Reached skill level 1 in Stealth
   177 | D:1      | Reached skill level 2 in Fighting
   177 | D:1      | Reached skill level 2 in Dodging
   177 | D:1      | Reached XP level 2. HP: 24/24 MP: 4/4
   222 | D:1      | Reached skill level 4 in Crossbows
   822 | D:1      | Reached XP level 3. HP: 29/29 MP: 5/5
  1542 | D:2      | Reached skill level 5 in Crossbows
  1542 | D:2      | Reached XP level 4. HP: 28/36 MP: 6/6
  1979 | D:3      | Reached skill level 1 in Armour
  2163 | D:3      | Reached XP level 5. HP: 41/41 MP: 7/7
  2291 | D:3      | Reached skill level 2 in Armour
  2341 | D:3      | Found a faded altar of an unknown god.
  2657 | D:4      | Noticed an ogre
  2661 | D:4      | Killed an ogre
  2661 | D:4      | Reached skill level 6 in Crossbows
  2667 | D:4      | Reached XP level 6. HP: 39/48 MP: 8/8
  2734 | D:4      | Found a staircase to the Ecumenical Temple.
  2742 | D:4      | Found a transporter.
  2761 | D:4      | Noticed Ijyb
  2776 | D:4      | Killed Ijyb
  3072 | D:4      | Found a transporter.
  3176 | D:4      | Learned a level 1 spell: Apportation
  3298 | D:4      | Noticed a hippogriff
  3299 | D:4      | Found a blossoming altar of Fedhas.
  3311 | D:4      | Killed a hippogriff
  3311 | D:4      | Reached skill level 7 in Crossbows
  3311 | D:4      | Reached XP level 7. HP: 49/56 MP: 8/10
  3556 | D:4      | Reached skill level 1 in Translocations
  3558 | D:4      | Reached skill level 1 in Spellcasting
  3670 | D:5      | Entered Level 5 of the Dungeon
  3707 | D:5      | Found a bloodstained altar of Trog.
  3972 | D:5      | Reached skill level 3 in Dodging
  4021 | D:5      | Found a shattered altar of Ashenzari.
  4026 | D:5      | Reached skill level 3 in Fighting
  4048 | D:5      | Reached skill level 3 in Armour
  4107 | D:5      | Reached skill level 2 in Translocations
  4107 | D:5      | Reached XP level 8. HP: 63/63 MP: 13/13
  4513 | D:6      | Reached skill level 2 in Spellcasting
  4768 | D:6      | Reached skill level 8 in Crossbows
  4887 | D:6      | Found an ornate altar of the Wu Jian Council.
  4946 | D:7      | Found a shadowy altar of Dithmenos.
  5240 | D:7      | Noticed a hippogriff
  5259 | D:6      | Killed a hippogriff
  5259 | D:6      | Reached skill level 4 in Fighting
  5451 | D:7      | Reached skill level 4 in Armour
  5451 | D:7      | Reached skill level 4 in Dodging
  5655 | D:8      | Found a stormy altar of Qazlal.
  5943 | D:8      | Found a glowing golden altar of the Shining One.
  6082 | D:8      | Reached XP level 9. HP: 71/71 MP: 15/15
  6106 | D:8      | Reached skill level 9 in Crossbows
  6218 | D:8      | Noticed a two-headed ogre
  6674 | D:9      | Reached skill level 5 in Fighting
  6674 | D:9      | Reached skill level 5 in Armour
  6674 | D:9      | Reached skill level 5 in Dodging
  7036 | D:8      | Killed a two-headed ogre
  7036 | D:8      | Reached skill level 10 in Crossbows
  7378 | D:9      | Found a runed translucent door.
  7378 | D:9      | Found a shimmering altar of Xom.
  7378 | D:9      | Noticed fluff's ghost (novice TrMo)
  7463 | D:8      | Reached XP level 10. HP: 46/81 MP: 15/17
  8037 | D:9      | Found Efaa's Jewellery Boutique.
  8063 | D:9      | Bought a cursed amulet of inaccuracy for 26 gold pieces
  8117 | D:9      | Reached skill level 3 in Spellcasting
  8162 | D:9      | Noticed a +0 halberd of chaos
  8236 | D:9      | Noticed a centaur warrior
  8256 | D:9      | Killed a centaur warrior
  8256 | D:9      | Reached skill level 6 in Fighting
  8259 | D:9      | HP: 6/83 [worker ant (6)]
  8870 | D:9      | Reached skill level 11 in Crossbows
  8879 | D:9      | HP: 8/83 [poisoned by a killer bee]
  8879 | D:9      | HP: 3/83 [killer bee (5)]
  8889 | D:9      | HP: 6/83 [killer bee (3)]
  9374 | D:10     | Entered Level 10 of the Dungeon
  9477 | D:10     | Reached skill level 4 in Spellcasting
 10282 | D:10     | Reached skill level 7 in Fighting
 10476 | D:10     | Learned a level 2 spell: Blink
 10479 | D:10     | Learned a level 2 spell: Slow
 10567 | D:10     | Reached skill level 5 in Spellcasting
 10567 | D:10     | Reached XP level 11. HP: 68/92 MP: 22/22
 11134 | D:11     | Found a frozen archway.
 11141 | D:11     | Reached skill level 1 in Hexes
 11230 | IceCv    | Entered an ice cave
 12159 | IceCv    | Reached skill level 2 in Hexes
 12373 | IceCv    | Reached skill level 3 in Translocations
 12421 | IceCv    | HP: 7/94 [ice devil (7)]
 12422 | IceCv    | Reached skill level 8 in Fighting
 12861 | IceCv    | Reached skill level 12 in Crossbows
 12901 | IceCv    | Mangled by an ice devil

Skill      XL: |  1  2  3  4  5  6  7  8  9 10 11 |
---------------+----------------------------------+-----
Stealth        | 1 |  1.0
Fighting       | 2 3 4 5 7 8 |  8.0
Dodging        | 2 3 4 5 |  5.0
Crossbows      | 4 5 6 7 8 10 11 12 | 12.0
Armour         | 1 2 3 4 5 |  5.0
Translocations | 2 3 |  3.2
Spellcasting   | 1 2 5 |  5.0
Hexes          | 2 |  2.4

Action                   |  1- 3 |  4- 6 |  7- 9 | 10-12 || total
-------------------------+-------+-------+-------+-------++-------
Melee: Long sword        |       |       |     4 |    26 ||    30
       Hand crossbow     |       |       |     1 |       ||     1
       Short sword       |       |       |       |    50 ||    50
 Fire: Hand crossbow     |    90 |   159 |   430 |   456 ||  1135
 Cast: Apportation       |       |       |     7 |       ||     7
Evoke: Wand              |       |       |     2 |    17 ||    19
  Use: Scroll            |       |     5 |     2 |     8 ||    15
       Potion            |       |       |     1 |     7 ||     8
  Eat: Chunk             |     2 |     5 |    13 |     7 ||    27
       Ration            |       |       |       |     3 ||     3
Armor: Leather armour    |    12 |       |       |       ||    12
       Scale mail        |     3 |    33 |    68 |   106 ||   210
Dodge: Dodged            |    24 |    52 |   186 |   329 ||   591
       Rpst.: Long sword |       |       |     3 |     8 ||    11
